 Dungeon Crawl Stone Soup version 0.15-a0-94-g674142f (webtiles) character file.

331 KaKa the Chopper (level 6, -1/48 HPs)
             Began as a Human Berserker on Apr 9, 2014.
             Was a Priest of Trog.
             Slain by a gnoll
             ... wielding a +0,+0 flail
              (5 damage)
             ... on Level 4 of the Dungeon.
             The game lasted 00:10:16 (2999 turns).

KaKa the Chopper (Human Berserker)                  Turns: 2999, Time: 00:10:16

HP  -1/48        AC  8     Str 22      XL: 6   Next: 11%
MP   6/6         EV  7     Int  7      God: Trog [***...]
Gold 123         SH  0     Dex 15      Spells:  0 memorised,  5 levels left

rFire  . . .     SeeInvis .     a - +0 hand axe
rCold  . . .     Clarity  .     u - +0 chain mail (curse)
rNeg   + . .     Conserve .     (no shield)
rPois  .         rCorr    .     (no helmet)
rElec  .         rRot     .     (no cloak)
SustAb . .       Spirit   .     (no gloves)
rMut   .         Warding  +     (no boots)
Saprov . . .     Stasis   .     o - amulet of warding
MR     +....                    (no ring)
                                k - ring of protection from magic

@: mighty, somewhat resistant to hostile enchantments, extremely unstealthy
A: no striking features
a: Burn Spellbooks, Berserk, Trog's Hand, Renounce Religion


You were on level 4 of the Dungeon.
You worshipped Trog.
Trog was most pleased with you.
You were near starving.

You visited 1 branch of the dungeon, and saw 4 of its levels.

You collected 123 gold pieces.

Inventory:

Hand weapons
 a - a +0,+0 hand axe (weapon)
Armour
 h - a +2 chain mail
 q - a +0 buckler
 u - a cursed +0 chain mail (worn)
Comestibles
 c - 3 bread rations
 g - a meat ration
 i - a choko
 n - a lychee
Scrolls
 b - a scroll of identify
 j - 2 scrolls of teleportation {unknown}
 m - a scroll of random uselessness {unknown}
 p - 2 scrolls of magic mapping
 r - a scroll of enchant weapon I {unknown}
 s - a scroll of remove curse {unknown}
 v - a scroll of blinking {unknown}
Jewellery
 k - a ring of protection from magic (left hand)
 o - an amulet of warding (around neck)
Potions
 d - a potion of might
 e - 2 potions of curing
 f - a potion of restore abilities {unknown}
 l - a potion of haste {unknown}
 t - 2 potions of agility {unknown}


   Skills:
 + Level 4.2 Fighting
 * Level 5.5 Axes
 - Level 2.0 Armour
 - Level 2.0 Dodging


You had 5 spell levels left.
You didn't know any spells.

Dungeon Overview and Level Annotations

Branches:
Dungeon (4/15)
 Temple: D:4-7

Altars:
Trog
Xom


Message History

You slash the gnoll!
The gnoll is heavily wounded.
The gnoll hits you with a flail.
* * * LOW HITPOINT WARNING * * *
You barely miss the gnoll.
The gnoll is heavily wounded.
You barely miss the gnoll.
The gnoll is heavily wounded.
The gnoll barely misses you.
You completely miss the gnoll.
The gnoll is heavily wounded.
The gnoll hits you but does no damage.
Your chain mail prevents you from hitting the gnoll.
The gnoll is heavily wounded.
The gnoll hits you with a flail!
* * * LOW HITPOINT WARNING * * *
Your chain mail prevents you from hitting the gnoll.
The gnoll is heavily wounded.
The gnoll hits you with a flail.
You die...

. #. #. #. #g #g #.
#.####### #.gg@...#
###################.#
.................##.#
################....#
######


You could see 2 gnolls.

Vanquished Creatures
  9 gnolls
  5 adders
  2 worms (D:2)
  A giant gecko (D:1)
  An ooze (D:3)
  2 orcs (D:3)
  6 bats
  7 goblins
  12 hobgoblins
  5 jackals (D:2)
  A ball python (D:3)
  4 giant newts (D:1)
  5 kobolds
  12 rats
72 creatures vanquished.

Notes
Turn   | Place    | Note
--------------------------------------------------------------
     0 | D:1      | KaKa, the Human Berserker, began the quest for the Orb.
     0 | D:1      | Reached XP level 1. HP: 18/18 MP: 1/1
   245 | D:1      | Reached XP level 2. HP: 21/24 MP: 2/2
   687 | D:1      | Acquired Trog's second power
   687 | D:1      | Reached XP level 3. HP: 21/29 MP: 3/3
   800 | D:1      | Reached skill level 4 in Axes
  1490 | D:2      | Reached XP level 4. HP: 31/35 MP: 4/4
  2180 | D:3      | Found a shimmering altar of Xom.
  2184 | D:3      | Found a bloodstained altar of Trog.
  2253 | D:3      | Reached XP level 5. HP: 41/41 MP: 5/5
  2257 | D:3      | Reached skill level 5 in Axes
  2837 | D:3      | Reached XP level 6. HP: 40/48 MP: 6/6
  2999 | D:4      | Slain by a gnoll

Action                   |  1- 3 |  4- 6 || total
-------------------------+-------+-------++-------
Melee: Hand axe          |   107 |   183 ||   290
Invok: Berserk           |     1 |     3 ||     4
  Use: Scroll            |     3 |     1 ||     4
       Potion            |       |     1 ||     1
